 Dungeon Crawl Stone Soup version 0.23-a0-404-g0063841da3 (webtiles) character file.

48820 Notair the Impaler (level 14, -1/135 HPs)
             Began as a Minotaur Gladiator on Nov 5, 2018.
             Was the Champion of Okawaru.
             Slain by an azure jelly (5 damage)
             ... on level 6 of the Lair of Beasts.
             The game lasted 01:15:22 (26125 turns).

Notair the Impaler (Minotaur Gladiator)            Turns: 26125, Time: 01:15:23

Health: -1/135     AC: 26    Str: 17    XL:     14   Next: 13%
Magic:  19/19      EV:  7    Int:  9    God:    Okawaru [******]
Gold:   1066       SH:  5    Dex: 11    Spells: 13/13 levels left

rFire    . . .     SeeInvis .   K - +1 glaive (venom)
rCold    . . .     Gourm    .   (shield currently unavailable)
rNeg     + . .     Faith    .   e - +0 plate armour
rPois    +         Spirit   .   k - +2 hat
rElec    .         Reflect  +   S - +0 cloak
rCorr    .         Harm     .   H - +0 pair of gloves
MR       ++...                  R - +2 pair of boots {run}
Stlth    ..........             a - +5 amulet of reflection
HPRegen  0.32/turn              M - ring of protection from magic
MPRegen  0.16/turn              V - ring of Moomeqoc {rPois rN+ AC+1 Str-4 Slay+2}

@: quick
A: retaliatory headbutt, horns 2
a: Heroism, Finesse, Renounce Religion


You were on level 6 of the Lair of Beasts.
You worshipped Okawaru.
Okawaru was exalted by your worship.
You were not hungry.

You visited 3 branches of the dungeon, and saw 20 of its levels.

You collected 1066 gold pieces.

Inventory:

Hand Weapons
 d - a +0 hunting sling
 s - a +1 bardiche of protection
 K - a +1 glaive of venom (weapon)
 T - a +4 trident of flaming
Missiles
 g - 37 poisoned needles
 n - 4 throwing nets (quivered)
 p - 151 sling bullets
 x - 116 bolts
Armour
 e - a +0 plate armour (worn)
 k - a +2 hat (worn)
 l - a scarf of cloud immunity
 H - a +0 pair of gloves (worn)
 R - a +2 pair of boots of running (worn)
 S - a +0 cloak (worn)
Jewellery
 a - a +5 amulet of reflection (around neck)
 z - a cursed ring of attention {unknown}
 B - an uncursed ring of resist corrosion
 M - a ring of protection from magic (left hand)
 V - the ring of Moomeqoc (right hand) {rPois rN+ AC+1 Str-4 Slay+2}
   (You found it on level 12 of the Dungeon)

   [ring of protection]

   It affects your AC (+1).
   It affects your strength (-4).
   It affects your accuracy and damage with ranged weapons and melee attacks
   (+2).
   It protects you from poison.
   It protects you from negative energy.
 X - an uncursed ring of positive energy
Wands
 y - a wand of scattershot (8)
 C - a wand of acid (7)
 E - a wand of disintegration (18)
 G - a wand of paralysis (10)
 L - a wand of enslavement (11)
 N - a wand of iceblast (20)
 Q - a wand of flame (15)
 U - a wand of digging (8)
 Z - a wand of polymorph (10)
Scrolls
 b - 13 scrolls of remove curse
 c - a scroll of holy word
 h - 5 scrolls of amnesia
 j - 11 scrolls of teleportation
 q - 5 scrolls of fog
 r - 4 scrolls of magic mapping
 u - 2 scrolls of enchant armour
 v - 3 scrolls of immolation
 D - a scroll of blinking
 F - 3 scrolls of identify
 J - 2 scrolls of summoning
 P - a scroll of enchant weapon
 Y - a scroll of silence
Potions
 i - a potion of mutation
 m - 2 potions of might
 o - 3 potions of lignification
 t - 4 potions of curing
 w - 2 potions of agility
 A - 2 potions of haste
 I - 2 potions of berserk rage
 O - 2 potions of heal wounds
Comestibles
 f - 24 rations
 W - 5 chunks of flesh


   Skills:
 + Level 15.4 Fighting
 * Level 17.3 Polearms
 - Level 2.0 Throwing
 + Level 14.1 Armour
 - Level 3.2 Dodging
 - Level 8.0 Invocations


You had 13 spell levels left.
You didn't know any spells.
Your spell library contained the following spells:

 Spells                   Type           Power        Failure   Level  Hunger
 Beastly Appendage        Tmut           #.....       100%        1    ##.....
 Corona                   Hex            #......      100%        1    ##.....
 Freeze                   Ice            #...         100%        1    ##.....
 Magic Dart               Conj           #...         100%        1    ##.....
 Ensorcelled Hibernation  Hex/Ice        #.....       100%        2    ###....
 Searing Ray              Conj           #.....       100%        2    ###....
 Sticks to Snakes         Tmut           #.......     100%        2    ###....
 Throw Frost              Conj/Ice       #.....       100%        2    ###....
 Confuse                  Hex            #.......     100%        3    ####...
 Dazzling Spray           Conj/Hex       #.....       100%        3    ####...
 Ozocubu's Armour         Chrm/Ice       #.......     100%        3    ####...
 Spider Form              Tmut/Pois      #.........   100%        3    ####...
 Tukima's Dance           Hex            #.......     100%        3    ####...
 Force Lance              Conj/Tloc      #.......     100%        4    #####..
 Fulminant Prism          Conj/Hex       #.........   100%        4    #####..
 Ice Form                 Ice/Tmut       #.......     100%        4    #####..
 Iskenderun's Mystic Bla  Conj           #.......     100%        4    #####..
 Leda's Liquefaction      Hex/Erth       #.........   100%        4    #####..
 Summon Ice Beast         Ice/Summ       #.......     100%        4    #####..
 Throw Icicle             Conj/Ice       #.......     100%        4    #####..
 Blade Hands              Tmut           #.........   100%        5    ######.
 Bolt of Magma            Conj/Fire/Erth #.........   100%        5    ######.
 Iron Shot                Conj/Erth      #.........   100%        6    #######
 Statue Form              Tmut/Erth      #........    100%        6    #######
 Shatter                  Erth           #.........   100%        9    #######


Dungeon Overview and Level Annotations

Branches:
Dungeon (13/15)            Temple (1/1) D:4            Lair (6/6) D:11
 Shoals (0/4) Lair:4       Spider (0/4) Lair:4          Orc (0/2) D:10
  Slime: Lair:5-6    Vaults: D:13-14

Altars:
Ashenzari
Cheibriados
Dithmenos
Elyvilon
Fedhas
Gozag
Hepliaklqana
Kikubaaqudgha
Makhleb
Nemelex Xobeh
Okawaru
Qazlal
Ru
Sif Muna
Trog
Uskayaw
Vehumet
Wu Jian
Xom
Yredelemnul
Zin
The Shining One


Innate Abilities, Weirdness & Mutations

You reflexively headbutt those who attack you in melee.
You have a pair of horns on your head.


Message History

The jelly quivers.
The azure jelly jiggles.
The azure jelly hits you but does no damage.
You block the azure jelly's attack. x2
The azure jelly hits you but does no damage.
The jelly hits the fungus but does no damage.
The jelly hits the fungus.
The fungus is splashed with acid.
The azure jelly looks more healthy.
You slice the azure jelly!!
You headbutt the azure jelly, but do no damage.
The azure jelly is almost dead.
You block the azure jelly's attack. The azure jelly hits you.
* * * LOW HITPOINT WARNING * * *
The azure jelly freezes you!!
* * * LOW HITPOINT WARNING * * *
The azure jelly hits you but does no damage.
The azure jelly hits you.
* * * LOW HITPOINT WARNING * * *
The azure jelly hits you.
You die...

##.#.........P.PP.#........#....
###....JJ..##....##......##....
#......#.J.##.....#......#.....
...P...##..J.##....##....##....#
#........##....##.........#....##
###.............##...##..##...##.
#.###....#...J.##...#..#...##..
โ‰ˆ# #PP...###.J..##..####..##...
#P...# ###@..##).##.)##...# #....
#.#..########..### .....
..#####....#####.. .... #......#
.... ..... #......##.... #โ‰ˆ....
P....#####......###.. #โ‰ˆ.....
....###..###..#...(### #.....
...###......#..#รท##...# ###.P.#
###....##..#..#..##...


You could see 2 azure jellies, 2 jellies and 2 oozes.

Vanquished Creatures
  A stone giant (D:11)
  Snorg (Lair:5)
  A great orb of eyes (Lair:6)
  4 hydras
  6 two-headed ogres
  A death yak (Lair:6)
  An unseen horror (D:10)
  A deep elf mage (D:12)
  2 wolf spiders (Lair:6)
  A cyclops (D:12)
  A guardian serpent (Lair:6)
  2 merfolk sirens (Lair:4)
  6 black mambas
  5 elephants
  16 spiny frogs
  2 rime drakes
  5 komodo dragons
  2 merfolk (Lair:4)
  3 polar bears (Lair:1)
  3 trolls
  4 hornets
  7 hippogriffs
  8 blink frogs
  A dream sheep (Lair:6)
  3 redbacks
  2 shadows (D:11)
  9 wyverns
  A spriggan (D:11)
  Sigmund (D:2)
  29 yaks
  3 basilisks
  8 hungry ghosts
  Duvessa (D:4)
  22 water moccasins
  A two-headed ogre zombie (D:10)
  11 porcupines
  4 sky beasts
  4 orc warriors
  4 ice beasts
  6 ogres
  5 black bears
  3 phantoms
  2 eyes of draining (D:12)
  14 wolves
  4 centaurs
  12 crocodiles
  3 big kobolds
  Blork the orc (D:4)
  11 bullfrogs
  A gnoll sergeant (D:8)
  Dowan (D:4)
  6 scorpions
  3 wyvern skeletons
  10 killer bees
  A troll zombie (D:10)
  An electric eel (Lair:5)
  5 howler monkeys
  5 crimson imps
  2 quasits
  4 hounds
  6 jellies
  9 orc wizards
  Crazy Yiuf (D:4)
  3 bullfrog skeletons
  4 centaur skeletons
  7 orc priests
  5 iguanas
  Terence (D:2)
  7 worker ants
  Ijyb (D:4)
  7 hell rats (Lair:4)
  6 ogre zombies (D:10)
  A worker ant zombie (D:10)
  7 gnolls
  18 adders
  2 shadow imps
  3 oozes
  2 adder zombies
  2 adder skeletons
  2 worms
  3 dart slugs
  6 leopard geckos
  38 orcs
  9 bats
  A giant cockroach (D:1)
  6 goblins
  6 hobgoblins
  15 jackals
  4 quokkas
  2 ball pythons
  7 frilled lizards
  A goblin skeleton (D:10)
  A goblin zombie (D:10)
  2 hobgoblin skeletons (D:10)
  4 hobgoblin zombies (D:10)
  A jackal skeleton (D:5)
  21 kobolds
  2 leopard gecko skeletons
  An orc skeleton (D:10)
  16 orc zombies (D:10)
  2 quokka zombies
  8 rats
  A butterfly (Lair:2)
538 creatures vanquished.

Vanquished Creatures (others)
  A hydra (Lair:6)
  3 wolves (Lair:6)
  An orc (D:5)
  25 fungi (Lair:6)
  32 plants
62 creatures vanquished.

Grand Total: 600 creatures vanquished

Notes
Turn   | Place    | Note
-------+----------+-------------------------------------------
     0 | D:1      | Notair the Minotaur Gladiator began the quest for the Orb.
     0 | D:1      | Reached XP level 1. HP: 18/18 MP: 0/0
   126 | D:1      | Reached skill level 4 in Polearms
   176 | D:1      | Reached XP level 2. HP: 25/25 MP: 1/1
   610 | D:1      | Reached XP level 3. HP: 31/31 MP: 2/2
   718 | D:1      | Reached skill level 5 in Polearms
  1260 | D:2      | Noticed Terence
  1280 | D:2      | Killed Terence
  1280 | D:2      | Reached XP level 4. HP: 40/40 MP: 3/3
  1310 | D:2      | Noticed Sigmund
  1337 | D:2      | Killed Sigmund
  1337 | D:2      | Reached skill level 6 in Polearms
  1337 | D:2      | Reached XP level 5. HP: 38/47 MP: 4/4
  1376 | D:2      | Reached skill level 7 in Polearms
  1376 | D:2      | Reached XP level 6. HP: 49/53 MP: 5/5
  1442 | D:2      | Found a glowing silver altar of Zin.
  1758 | D:3      | Found a stormy altar of Qazlal.
  1803 | D:3      | Reached skill level 5 in Fighting
  1859 | D:3      | Found a white marble altar of Elyvilon.
  2270 | D:3      | Reached skill level 8 in Polearms
  2654 | D:4      | Reached XP level 7. HP: 61/61 MP: 6/6
  2661 | D:4      | Found a staircase to the Ecumenical Temple.
  2680 | Temple   | Entered the Ecumenical Temple
  2750 | Temple   | Became a worshipper of Warmaster Okawaru
  3164 | D:4      | Found a runed door.
  3532 | D:4      | Noticed Blork the orc
  3532 | D:4      | Noticed Ijyb
  3538 | D:4      | Killed Ijyb
  3557 | D:4      | Killed Blork the orc
  3557 | D:4      | Reached skill level 9 in Polearms
  3563 | D:4      | Found a deep blue altar of Sif Muna.
  3645 | D:4      | Found a hazy altar of Hepliaklqana.
  3752 | D:4      | Noticed Duvessa
  3752 | D:4      | Noticed Dowan
  3774 | D:4      | Killed Duvessa
  3774 | D:4      | Reached * piety under Okawaru
  3781 | D:4      | Killed Dowan
  4081 | D:4      | Noticed Crazy Yiuf
  4085 | D:4      | Killed Crazy Yiuf
  4085 | D:4      | Reached XP level 8. HP: 71/71 MP: 7/7
  4138 | D:5      | Entered Level 5 of the Dungeon
  4138 | D:5      | Found a basalt altar of Yredelemnul.
  4183 | D:5      | Reached skill level 10 in Polearms
  4341 | D:5      | Reached skill level 1 in Armour
  4722 | D:5      | Reached skill level 1 in Invocations
  5009 | D:5      | Got an encrusted spear {venom}
  5170 | D:5      | Identified the cursed +0 spear "Deix" {venom, *Noise +Inv
                  | rPois Dex-2} (You took it off a centaur on level 5 of the
                  | Dungeon)
  5362 | D:5      | Reached ** piety under Okawaru
  5855 | D:6      | Reached skill level 11 in Polearms
  6153 | D:6      | Reached XP level 9. HP: 81/81 MP: 8/10
  6851 | D:7      | Reached *** piety under Okawaru
  6983 | D:7      | Reached skill level 12 in Polearms
  7446 | D:7      | Reached skill level 5 in Armour
  7773 | D:8      | Found a blossoming altar of Fedhas.
  8066 | D:8      | Reached XP level 10. HP: 86/91 MP: 12/12
  9169 | D:9      | Reached **** piety under Okawaru
  9233 | D:9      | Reached skill level 5 in Invocations
  9673 | D:9      | Reached skill level 13 in Polearms
 10397 | D:9      | Reached ***** piety under Okawaru
 10540 | D:10     | Entered Level 10 of the Dungeon
 10633 | D:10     | Found a staircase to the Orcish Mines.
 10661 | D:10     | Killed an unseen horror
 10661 | D:10     | Reached skill level 10 in Fighting
 11096 | D:10     | Received a gift from Okawaru
 11131 | D:10     | Reached XP level 11. HP: 69/100 MP: 14/14
 11138 | D:10     | Reached skill level 14 in Polearms
 11430 | D:10     | Noticed a two-headed ogre
 11483 | D:10     | Killed a two-headed ogre
 12647 | D:10     | Received a gift from Okawaru
 12823 | D:11     | Noticed a stone giant
 12823 | D:11     | Noticed a cyan ugly thing
 13044 | D:11     | Found a staircase to the Lair.
 13396 | D:11     | Received a gift from Okawaru
 13405 | D:11     | Identified a +1 pair of boots of running (Okawaru gifted it
                  | to you on level 11 of the Dungeon)
 13961 | D:12     | Noticed a two-headed ogre
 14058 | D:12     | Found a blossoming altar of Fedhas.
 14068 | D:12     | Noticed a two-headed ogre
 14087 | D:12     | Noticed a two-headed ogre
 14090 | D:12     | Noticed a two-headed ogre
 14093 | D:12     | Noticed a two-headed ogre
 14099 | D:12     | Killed a two-headed ogre
 14120 | D:11     | Killed a two-headed ogre
 14620 | D:11     | Killed a two-headed ogre
 14756 | D:11     | Killed a two-headed ogre
 14756 | D:11     | Reached skill level 10 in Armour
 14983 | D:11     | Found a staircase to the Lair.
 15273 | D:12     | Noticed a stone giant
 15313 | D:11     | Killed a two-headed ogre
 15420 | D:12     | Reached XP level 12. HP: 53/112 MP: 17/17
 15718 | D:11     | Killed a stone giant
 15922 | D:12     | Paralysed by fainting for 5 turns
 16232 | D:12     | Found the +6 shillelagh "Devastator" {shatter}
 16240 | D:12     | Got the ring of Moomeqoc {AC+1}
 16283 | D:12     | Reached ****** piety under Okawaru
 16283 | D:12     | Received a gift from Okawaru
 16866 | Lair:1   | Entered Level 1 of the Lair of Beasts
 19246 | Lair:3   | Reached skill level 15 in Polearms
 19283 | Lair:3   | Found a basalt altar of Yredelemnul.
 19839 | Lair:4   | Noticed a four-headed hydra
 19860 | Lair:4   | Killed a four-headed hydra
 20450 | Lair:4   | Reached XP level 13. HP: 92/124 MP: 18/18
 20560 | Lair:4   | Found a staircase to the Shoals.
 20888 | Lair:4   | Found a hole to the Spider Nest.
 21135 | Lair:4   | Identified the ring of Moomeqoc {rPois rN+ AC+1 Str-4
                  | Slay+2} (You found it on level 12 of the Dungeon)
 21539 | Lair:5   | Received a gift from Okawaru
 21961 | Lair:5   | Noticed Snorg
 22006 | Lair:5   | Killed Snorg
 22995 | Lair:6   | Entered Level 6 of the Lair of Beasts
 23347 | Lair:6   | Reached skill level 16 in Polearms
 24358 | Lair:6   | Received a gift from Okawaru
 24434 | Lair:6   | Reached skill level 15 in Fighting
 25116 | Lair:6   | Reached skill level 17 in Polearms
 25400 | Lair:6   | Reached XP level 14. HP: 92/135 MP: 19/19
 25959 | Lair:6   | Received a gift from Okawaru
 26091 | Lair:6   | Noticed an azure jelly
 26094 | Lair:6   | Noticed an azure jelly
 26102 | Lair:6   | HP: 3/135 [azure jelly (37)]
 26123 | Lair:6   | HP: 4/135 [azure jelly (4)]
 26125 | Lair:6   | Slain by an azure jelly

Vault maps used:
D:1:      dpeg_arrival_rooms_a
D:2:      old_standard_altar, first_ration, uniq_sigmund, uniq_terence
D:3:      lemuel_coloured_pillars_altar, grunt_qazlal_clouds
D:4:      nicolae_overflow_crystal_walls, tgw_sif, minmay_temple_entry_glass,
          hex_medium, uniq_ijyb, uniq_crazy_yiuf_cottage, uniq_duvessa
D:5:      cheibrodos_fzero, basic_altar
D:8:      fedhas_altar_2
D:9:      lemuel_upstairs_altar
D:10:     zombieorc2_lemuel, amethyst_killhole
D:11:     david_lair_generic, the_bakery, onia_ninara_dug_in_and_dangerous
D:12:     minmay_roctagon, serial_park, serial_park_square1, serial_park_square2
D:13:     portal_ice_cave_entry_imps, lab_entry_generic, serial_shops,
          bzr_entry_customers
Temple:   eino_temple_scatter_basement
Lair:1:   beast_lair_carwin_large_2, st_stairs_8
Lair:2:   chequers_serial_rivers_marsh, lemuel_fruit_fields, grunt_megastairs_3
Lair:3:   basic_altar
Lair:4:   elwin_shoals_entry_stream, spider_nest_entry_a, lemuel_fruit_fields,
          grunt_megastairs_5
Lair:5:   minmay_lair_venomous_thicket, small_statue_intersection,
          beast_lair_carwin_6, infiniplex_staircase_pool, uniq_snorg
Lair:6:   hangedman_lair_tendril_chambers, hangedman_lair_in_review,
          nicolae_slime_entry_slimehenge, special_room,
          chequers_serial_rivers_micro_e, chequers_serial_rivers_micro_a

Skill      XL: |  1  2  3  4  5  6  7  8  9 10 11 12 13 14 |
---------------+-------------------------------------------+-----
Polearms       | 4 5 6 7 8 9 11 12 13 14 15 17 | 17.3
Fighting       | 3 4 5 6 7 9 10 12 14 15 | 15.4
Armour         | 3 5 7 10 12 13 14 | 14.1
Invocations    | 2 4 6 8 |  8.0
Throwing       | |  2.0
Dodging        | |  3.2

Action                   |  1- 3 |  4- 6 |  7- 9 | 10-12 | 13-15 || total
-------------------------+-------+-------+-------+-------+-------++-------
Melee: Trident           |    98 |   105 |   507 |   249 |   190 ||  1149
       Headbutt          |    10 |    17 |    79 |   227 |   115 ||   448
       Spear             |       |       |       |  1002 |   333 ||  1335
       Punch             |       |       |       |     2 |     1 ||     3
       Glaive            |       |       |       |       |    98 ||    98
       Bardiche          |       |       |       |       |    18 ||    18
 Fire: Hunting sling     |     2 |       |     2 |       |       ||     4
Throw: Throwing net      |     1 |     2 |     1 |     1 |       ||     5
Invok: Heroism           |       |       |       |     5 |     4 ||     9
       Finesse           |       |       |       |       |     1 ||     1
Evoke: Wand              |       |       |       |       |     4 ||     4
  Use: Scroll            |     3 |     3 |     5 |    11 |     8 ||    30
       Potion            |       |       |       |     3 |     1 ||     4
 Stab: Held in net/web   |       |       |     1 |       |       ||     1
  Eat: Chunk             |     1 |     3 |    16 |    29 |    11 ||    60
       Ration            |       |       |     1 |     7 |     2 ||    10
Armor: Plate armour      |    59 |    45 |   191 |   505 |   289 ||  1089
Dodge: Dodged            |    17 |    21 |    87 |   256 |   134 ||   515
Block: Other             |       |       |       |       |    78 ||    78

Table legend:
 A = Non-vault XP
 B = Vault XP
 C = Vault XP percentage of total XP
 D = Non-vault monster count
 E = Vault monster count
 F = Vault count percentage of total count
                 A         B        C        D         E       F
            +---------+---------+-------+---------+---------+-------
      Total |   38878 |   30865 |  44.3 |     396 |     141 |  26.3
            +---------+---------+-------+---------+---------+-------
        D:1 |      66 |       0 |   0.0 |      31 |       0 |   0.0
        D:2 |      75 |     256 |  77.3 |      12 |       2 |  14.3
        D:3 |     302 |       0 |   0.0 |      24 |       0 |   0.0
        D:4 |     356 |     399 |  52.8 |      16 |       5 |  23.8
        D:5 |     446 |     480 |  51.8 |      12 |       8 |  40.0
        D:6 |     609 |       3 |   0.5 |      17 |       1 |   5.6
        D:7 |    1770 |       0 |   0.0 |      38 |       0 |   0.0
        D:8 |    1812 |       0 |   0.0 |      40 |       0 |   0.0
        D:9 |    2437 |     124 |   4.8 |      40 |       1 |   2.4
       D:10 |    4540 |     622 |  12.0 |      24 |      35 |  59.3
       D:11 |    2801 |    5294 |  65.4 |      18 |       9 |  33.3
       D:12 |    2347 |    1189 |  33.6 |      25 |       2 |   7.4
     Lair:1 |    1740 |    1385 |  44.3 |       8 |       7 |  46.7
     Lair:2 |    2187 |     403 |  15.6 |      13 |       1 |   7.1
     Lair:3 |    3229 |       0 |   0.0 |      18 |       0 |   0.0
     Lair:4 |    2763 |    2937 |  51.5 |      22 |       7 |  24.1
     Lair:5 |    2538 |    4446 |  63.7 |      11 |      17 |  60.7
     Lair:6 |    8860 |   13327 |  60.1 |      27 |      46 |  63.0
            +---------+---------+-------+---------+---------+-------
